 Dungeon Crawl Stone Soup version 0.31.0 (webtiles) character file.

Game seed: 1841260644739294672

13 Esekla the Sneak (level 2, -1/21 HPs)
             Began as an Octopode Delver on Jan 19, 2024.
             Slain by an iguana (12 damage)
             ... on level 5 of the Dungeon.
             The game lasted 00:01:57 (216 turns).

Esekla the Sneak (Octopode Delver)                   Turns: 216, Time: 00:01:58

Health: -1/21      AC:  1    Str: 11    XL:     2   Next: 37%
Magic:  2/2        EV: 13    Int: 12    God:
Gold:   13         SH:  0    Dex: 13    Spells: 1/1 levels left

rFire   . . .        a - +0 falchion
rCold   + . .        (no shield)
rNeg    . . .        (helmet restricted)
rPois   .            (no amulet)
rElec   .            g - ring of protection from cold
rCorr   .            (no ring)
SInv    .            (no ring)
Will    .....        (no ring)
Stlth   ++++         (no ring)
HPRegen 0.23/turn    (no ring)
MPRegen 0.08/turn    (no ring)
                     (no ring)

%: no passive effects
@: no status effects
A: almost no armour, amphibious, 8 rings, camouflage 1, gelatinous body 1,
(nimble swimmer 1), tentacles
a: no special abilities


You were on level 5 of the Dungeon.
You visited 2 branches of the dungeon, and saw 2 of its levels.

You collected 13 gold pieces.

Inventory:

Hand Weapons
 a - a +0 falchion (weapon)
Jewellery
 g - a ring of protection from cold (left tentacle)
Wands
 f - a wand of digging (3)
Scrolls
 b - a scroll of fog
 c - a scroll of enchant weapon {unknown}
 e - a scroll of identify {unknown}
 h - a scroll of revelation
Potions
 d - a potion of attraction {unknown}


   Skills:
 * Level 3.1 Fighting
 * Level 2.1 Long Blades
 * Level 2.1 Dodging
 + Level 6.9 Stealth
 * Level 0.3 Spellcasting


You had one spell level left.
You didn't know any spells.
Your spell library was empty.

Dungeon Overview and Level Annotations

Branches:
Dungeon (5/15)             Temple (1/1) D:5

Altars:
Ashenzari
Elyvilon
Gozag
Kikubaaqudgha
Makhleb
Okawaru
Qazlal
Sif Muna
Trog
Uskayaw
Vehumet
Wu Jian
Zin


Innate Abilities, Weirdness & Mutations

You cannot wear most types of armour.
You are amphibious.
You can wear up to eight rings at the same time.
Your skin changes colour to match your surroundings (Stealth+).
Your rubbery body absorbs attacks. (AC +1, EV +1)
((You are camouflaged when in or above water. (Stealth+)))
You have tentacles for arms and can constrict up to eight enemies at once.


Message History

Unknown command.
There is a staircase to the Ecumenical Temple here.
You climb downwards.
Welcome to the Ecumenical Temple!
Found three altars.
Found a staircase back to the Dungeon.
Your extra speed is starting to run out.
There is a staircase back to the Dungeon here.
You climb upwards.
There is a staircase to the Ecumenical Temple here.
There is a fountain of clear blue water here.
You feel yourself slow down. As you open the door, it creaks loudly!
A hound comes into view.
The hound barks!
You close the door.
There is a fountain of clear blue water here.
You barely miss the orc.
The orc shouts!
You grab the orc. You constrict the orc. The orc hits you with a +0 club.
You hit the orc but do no damage.
The orc is moderately wounded.
You constrict the orc. The orc hits you with a +0 club.
You slash the orc!
You kill the orc!
You see here a +0 club.
A bombardier beetle comes into view.
You see here a +0 club.
Found a scroll labelled GATOINO UTEC.
e - a scroll labelled GATOINO UTEC
Found 13 gold pieces.
You see here 13 gold pieces.
You see here 13 gold pieces.
You now have 13 gold pieces.
Okay, then.
Okay, then.
Unknown command.
You hit the iguana but do no damage. You grab the iguana.
You constrict the iguana, but do no damage.
The iguana bites you! x2
Ouch! That really hurt!
You die...

###########
##.........#
##..#######.#
#.#.#######.######
**#########
.###.............#
*,...l....####
#.#.#######.####.#
*,#######..... .....#*
#.# #.# *,* #.####
#.....#####.# #@# *,*
#####.#...
##..........# #l# *,*
#.........
*#.######### #.#
#.###.###.#... *.# #.#
#.........#... *.#
###.#######.###.#...
##+## #....<.# #.#
#..... ##...#
###.#.##.# ##.########
#...## #.....##.#
#.....##### #.⌠.# *##
#.B.####.###..##.#####


You could see an iguana.

Vanquished Creatures
  2 ufetubi (D:5)
  An orc (D:5)
3 creatures vanquished.

Notes
Turn   | Place    | Note
-------+----------+-------------------------------------------
     0 | D:5      | Esekla the Octopode Delver began the quest for the Orb.
     0 | D:5      | Reached XP level 1. HP: 16/16 MP: 1/1
    21 | D:5      | Noticed an iguana
    44 | D:5      | Noticed a bombardier beetle
    92 | D:5      | Reached XP level 2. HP: 20/21 MP: 2/2
   109 | D:5      | Found a staircase to the Ecumenical Temple.
   118 | Temple   | Entered the Ecumenical Temple
   142 | D:5      | Noticed a bombardier beetle
   216 | D:5      | Slain by an iguana

Illustrated notes

Levels and vault maps discovered:
D:5:      layout_loops_corners, tgw_fedhas, minmay_temple_entry_junction
Temple:   cyrus_circular_temple

Action                     || total
---------------------------++-------
  Melee: Falchion          ||     7
         Constrict         ||     4
         Tentacles         ||     2
         Punch             ||     1
    Use: Scroll            ||     2
         Potion            ||     1
 Armour: Skin              ||     5
  Dodge: Dodged            ||     5
